 Dungeon Crawl Stone Soup version 0.31-a0-263-ge8cad7f256 (webtiles) character file.

Game seed: 9523356465400768027

1006 qw the Skirmisher (level 8, -4/48 HPs)
             Began as a Gargoyle Hexslinger on July 13, 2023.
             Was an Initiate of Okawaru.
             Slain by an ogre
             ... wielding a +0 giant club
              (23 damage)
             ... on level 5 of the Dungeon.
             The game lasted 00:01:43 (4132 turns).

qw the Skirmisher (Gargoyle Hexslinger)             Turns: 4132, Time: 00:01:44

Health: -4/48      AC: 11    Str: 11    XL:     8   Next: 20%
Magic:  10/10      EV: 12    Int: 15    God:    Okawaru [......]
Gold:   44         SH:  0    Dex: 14    Spells: 8/9 levels left

rFire   . . .        h - +0 sling (heavy)
rCold   . . .        (no shield)
rNeg    + . .        b - +1 robe {Will+}
rPois   inf          f - +2 helmet
rElec   +            (no cloak)
rCorr   .            (no gloves)
SInv    .            (no boots)
Will    +....        (no amulet)
Stlth   +            (no ring)
HPRegen 0.28/turn    (no ring)
MPRegen 0.12/turn

%: no passive effects
@: no status effects
A: sickness immunity, AC +5, negative energy resistance 1, electricity
resistance, torment resistance 1, petrification resistance
a: Renounce Religion


You were on level 5 of the Dungeon.
You worshipped Okawaru.
Okawaru was noncommittal.
You visited 1 branch of the dungeon, and saw 5 of its levels.

You collected 253 gold pieces.
You spent 209 gold pieces at shops.


Innate Abilities, Weirdness & Mutations

You are immune to sickness and miasma.
Your stone body is resilient. (AC +5)
You are immune to poison.
You resist negative energy. (rN+)
You are resistant to electric shocks. (rElec)
You are resistant to unholy torment.
You are immune to petrification.


   Skills:
 - Level 4.0 Fighting
 - Level 8.0 Ranged Weapons
 - Level 0.9 Armour
 + Level 1.7 Dodging
 - Level 1.0 Spellcasting
 - Level 2.6 Hexes
 - Level 2.9 Invocations


You had 8 spell levels left.
You knew the following spells:

 Your Spells              Type           Power      Damage    Failure   Level
a - Slow                  Hex            32%        N/A       9%          1

Your spell library contained the following spells:

 Spells                   Type           Power      Damage    Failure   Level
 Inner Flame              Hex/Fire       4%         N/A       38%         3
 Portal Projectile        Hex/Tloc       8%         N/A       38%         3
 Cause Fear               Hex            4%         N/A       63%         4

Inventory:

Hand Weapons
 h - a +0 heavy sling (weapon)
Armour
 b - a +1 robe of willpower (worn)
 f - a +2 helmet (worn)
 j - a +0 ring mail
Jewellery
 k - an amulet of regeneration
Scrolls
 d - 2 scrolls of identify
Potions
 a - 2 potions of heal wounds
 c - a potion of haste
 e - a potion of brilliance {unknown}
 g - 2 potions of enlightenment
 i - 5 potions of curing

Dungeon Overview and Level Annotations

Branches:
Dungeon (5/15)
 Temple: D:4-7

Altars:
Okawaru
The Shining One

Shops:
D:5 !

Annotations:
D:5 Edmund


Message History

An iguana comes into view.
A quokka comes into view.
Edmund moves out of view.
There is a large open door here.
Enter note:
Enter note:
Enter note:
Enter note:
Enter note:
Enter note:
Enter note:
Enter note:
Enter note:
Enter note:
Enter note:
Enter note:
Enter note:
Enter note:
Enter note: You shoot a sling bullet.
The sling bullet barely misses the ogre.
The iguana hisses angrily.
You shoot a sling bullet. The sling bullet hits the ogre.
The ogre is lightly wounded.
Edmund gestures with his flail.
You shoot a sling bullet.
The sling bullet closely misses the ogre.
Edmund says, "I might not be good at magic, but I can still kill you!"
A worm comes into view.
You shoot a sling bullet. The sling bullet hits the ogre!
The ogre is severely wounded.
The ogre hits you with a +0 giant club!!
Ouch! That really hurt!
Edmund hits you with a +2 dire flail of protection.
You shoot a sling bullet.
The sling bullet completely misses the ogre.
The sling bullet hits the iguana!
The iguana is heavily wounded.
Edmund barely misses you.
The ogre hits you with a +0 giant club!!
You die...

[... ..}. .....
..... .}..}.
###7......
#.'@r.....
#.@Ol...w.
#.#7l..... #.#
}..}. #.# .... #.#
... #.# }. #.# .
#.#
#.#################


You could see Edmund, an ogre, a worm, 2 iguanas and a quokka.

Vanquished Creatures
  Sigmund (D:5)
  A black bear (D:4)
  An ice beast (D:5)
  Blork the orc (D:5)
  A scorpion (D:5)
  A howler monkey (D:4)
  A hound (D:5)
  2 gnoll boudas (D:5)
  A sleepcap (D:5)
  Jessica (D:2)
  Ijyb (D:5)
  3 orc wizards (D:5)
  Robin (D:3)
  8 gnolls (D:5)
  3 adders
  A shadow imp (D:5)
  2 white imps
  5 worms
  3 dart slugs
  14 orcs
  10 ball pythons
  7 bats
  6 endoplasms
  6 giant cockroaches
  7 hobgoblins
  6 jackals
  8 kobolds
  7 quokkas
  2 frilled lizards
  5 goblins
  2 rats (D:2)
118 creatures vanquished.

Notes
Turn   | Place    | Note
-------+----------+-------------------------------------------
     0 | D:1      | qw the Gargoyle Hexslinger began the quest for the Orb.
     0 | D:1      | Reached XP level 1. HP: 12/12 MP: 2/2
     0 | D:1      | 0 ||| qw: Version: 0.3-a-52-g30416fa
     0 | D:1      | 0 ||| qw: Game counter: 7170
     0 | D:1      | 0 ||| qw: Melee chars always use a shield: true
     0 | D:1      | 0 ||| qw: God list: Okawaru
     0 | D:1      | 0 ||| qw: Allow faded altars: false
     0 | D:1      | 0 ||| qw: Do Orc after clearing Dungeon:15 true
     0 | D:1      | 0 ||| qw: Do second Lair branch before Depths: true
     0 | D:1      | 0 ||| qw: Lair rune preference: random
     0 | D:1      | 0 ||| qw: Goals: Normal
     0 | D:1      | 0 ||| PLANNING D:1-11
   258 | D:1      | Reached XP level 2. HP: 16/16 MP: 3/3
   592 | D:1      | Reached skill level 3 in Ranged Weapons
   618 | D:1      | 618 ||| SWAPPING to +0 heavy sling.
   619 | D:1      | 619 ||| DROPPING +1 sling.
   819 | D:1      | 819 ||| UPGRADING to +0 leather armour.
   829 | D:1      | 829 ||| DROPPING +0 robe.
   830 | D:1      | 830 ||| UPGRADING to +0 ring mail.
   840 | D:1      | 840 ||| DROPPING +0 leather armour.
   841 | D:1      | 841 ||| READING scroll labelled UTOMOES ENYT.
   842 | D:1      | 842 ||| READING 2 scrolls labelled BIHOEZ QYESAR.
   843 | D:1      | 843 ||| DRINKING 2 inky potions.
   844 | D:1      | 844 ||| DRINKING 2 fizzy inky potions.
   868 | D:1      | 868 ||| DRINKING 2 coppery potions.
   869 | D:1      | 869 ||| DROPPING scroll of poison.
   870 | D:1      | 870 ||| DROPPING potion of lignification.
   956 | D:2      | Reached XP level 3. HP: 21/21 MP: 4/4
  1023 | D:2      | 1023 ||| DROPPING scarf of invisibility.
  1207 | D:2      | Noticed Jessica
  1211 | D:2      | Killed Jessica
  1212 | D:2      | Reached XP level 4. HP: 26/26 MP: 5/5
  1288 | D:2      | Reached skill level 4 in Ranged Weapons
  1516 | D:2      | 1516 ||| UPGRADING to +1 robe of willpower.
  1547 | D:3      | 1547 ||| STAIRDANCE
  1762 | D:3      | Found an iron altar of Okawaru.
  1763 | D:3      | 1763 ||| PLANNING OKAWARU WORSHIP
  1767 | D:3      | Became a worshipper of Warmaster Okawaru
  1768 | D:3      | 1768 ||| PLANNING D:1-11
  1925 | D:3      | Noticed Robin
  1930 | D:3      | Killed Robin
  1931 | D:3      | Reached XP level 5. HP: 30/30 MP: 6/6
  2289 | D:3      | Found a glowing golden altar of the Shining One.
  2386 | D:3      | 2386 ||| UPGRADING to +0 helmet.
  2391 | D:3      | 2391 ||| READING 2 scrolls labelled XOULEY FOAHIU.
  2392 | D:3      | 2392 ||| READING scroll of enchant armour.
  2392 | D:3      | 2392 ||| ENCHANTING +0 helmet.
  2393 | D:3      | 2393 ||| READING scroll labelled LATUAN DIOLA.
  2398 | D:3      | 2398 ||| READING scroll labelled EGYG MUSEUF.
  2414 | D:4      | Reached skill level 5 in Ranged Weapons
  2487 | D:4      | 2487 ||| Stepping ~*~*~tactically~*~*~ (outnumbered).
  2689 | D:4      | Noticed a black bear
  2696 | D:4      | Killed a black bear
  2697 | D:4      | Reached XP level 6. HP: 38/38 MP: 7/7
  3291 | D:4      | 3291 ||| READING scroll labelled LIXUHI XUSU.
  3292 | D:4      | 3292 ||| READING scroll labelled XUGOOTY PIERR.
  3293 | D:4      | 3293 ||| READING scroll labelled BINA XYNUA.
  3321 | D:4      | 3321 ||| DRINKING 2 fuming brown potions.
  3361 | D:5      | Entered Level 5 of the Dungeon
  3365 | D:5      | Identified the +3 whip of Ylozug {protect, Str+3 Dex+3
                  | Stlth+}
  3378 | D:5      | 3378 ||| FLEEEEING.
  3380 | D:5      | 3380 ||| FLEEEEING.
  3381 | D:5      | 3381 ||| FLEEEEING.
  3382 | D:5      | 3382 ||| STAIRDANCE
  3414 | D:5      | Reached * piety under Okawaru
  3438 | D:5      | Noticed Ijyb
  3440 | D:5      | 3440 ||| INVOKING Heroism.
  3445 | D:5      | Killed Ijyb
  3446 | D:5      | Reached skill level 6 in Ranged Weapons
  3481 | D:5      | Reached XP level 7. HP: 38/43 MP: 8/8
  3526 | D:5      | 3526 ||| Stepping ~*~*~tactically~*~*~ (outnumbered).
  3530 | D:5      | Reached skill level 1 in Invocations
  3601 | D:5      | 3601 ||| INVOKING Heroism.
  3602 | D:5      | 3602 ||| Stepping ~*~*~tactically~*~*~ (outnumbered).
  3612 | D:5      | 3612 ||| Stepping ~*~*~tactically~*~*~ (outnumbered).
  3619 | D:5      | 3619 ||| INVOKING Heroism.
  3626 | D:5      | Reached skill level 7 in Ranged Weapons
  3700 | D:5      | 3700 ||| INVOKING Heroism.
  3704 | D:5      | 3704 ||| Stepping ~*~*~tactically~*~*~ (outnumbered).
  3716 | D:5      | 3716 ||| INVOKING Heroism.
  3813 | D:5      | Found Socekiam's Distillery.
  3821 | D:5      | 3821 ||| BUYING potion of curing (33 gold).
  3821 | D:5      | Bought a potion of curing for 33 gold pieces
  3821 | D:5      | 3821 ||| BUYING potion of curing (33 gold).
  3821 | D:5      | Bought a potion of curing for 33 gold pieces
  3821 | D:5      | 3821 ||| BUYING potion of curing (33 gold).
  3821 | D:5      | Bought a potion of curing for 33 gold pieces
  3821 | D:5      | 3821 ||| BUYING potion of enlightenment (55 gold).
  3821 | D:5      | Bought a potion of enlightenment for 55 gold pieces
  3821 | D:5      | 3821 ||| BUYING potion of heal wounds (55 gold).
  3821 | D:5      | Bought a potion of heal wounds for 55 gold pieces
  3821 | D:5      | 3821 ||| SHOPLISTING potion of heal wounds (55 gold, have
                  | 44).
  3836 | D:5      | Noticed Sigmund
  3838 | D:5      | 3838 ||| FLEEEEING.
  3850 | D:5      | Killed Sigmund
  3851 | D:5      | Reached XP level 8. HP: 45/48 MP: 10/10
  3865 | D:5      | Noticed Blork the orc
  3866 | D:5      | 3866 ||| INVOKING Heroism.
  3877 | D:5      | Killed Blork the orc
  3878 | D:5      | Reached skill level 8 in Ranged Weapons
  4006 | D:5      | 4006 ||| READING scroll of enchant armour.
  4006 | D:5      | 4006 ||| ENCHANTING +1 helmet.
  4025 | D:5      | 4025 ||| FLEEEEING.
  4127 | D:5      | Noticed Edmund
  4132 | D:5      | Slain by an ogre

Levels and vault maps discovered:
D:1:      minmay_arrival_jagged, layout_basic, glass_columns_c
D:2:      layout_loops_ring, minmay_surrounded, uniq_jessica
D:3:      layout_basic, hellmonk_okawaru_the_only_friend_you_need,
          nicolae_tso_carved_into_rock, uniq_robin
D:4:      layout_loops_corners, minmay_misc_feat_enclosed
D:5:      layout_cave_pools, serial_shops, nicolae_shop_just_a_little_nook,
          kennysheep_dice, uniq_ijyb, uniq_edmund, uniq_blork_the_orc,
          uniq_sigmund

Skill      XL: |  1  2  3  4  5  6  7  8 |
---------------+-------------------------+-----
Ranged Weapons | 3 4 5 6 7 8 |  8.0
Fighting       | 2 4 |  4.0
Invocations    | 2 |  2.9
Armour         | |  0.9
Dodging        | |  1.7
Spellcasting   | |  1.0
Hexes          | |  2.6

Action                     |  1- 3 |  4- 6 |  7- 9 || total
---------------------------+-------+-------+-------++-------
   Fire: Sling             |    83 |   191 |    90 ||   364
 Invoke: Heroism           |       |     1 |     5 ||     6
    Use: Potion            |     3 |     1 |       ||     4
         Scroll            |     2 |     7 |     1 ||    10
 Armour: Robe              |     9 |    49 |    25 ||    83
         Ring mail         |     6 |     5 |       ||    11
  Dodge: Dodged            |    31 |    86 |    49 ||   166

Table legend:
 A = Non-vault XP
 B = Vault XP
 C = Vault XP percentage of total XP
 D = Non-vault monster count
 E = Vault monster count
 F = Vault count percentage of total count
                 A         B        C        D         E       F
            +---------+---------+-------+---------+---------+-------
      Total |    1027 |     411 |  28.6 |     106 |      12 |  10.2
            +---------+---------+-------+---------+---------+-------
        D:1 |      24 |       0 |   0.0 |      14 |       0 |   0.0
        D:2 |      50 |      39 |  43.8 |      22 |       2 |   8.3
        D:3 |      76 |      26 |  25.5 |      25 |       7 |  21.9
        D:4 |     254 |       0 |   0.0 |      22 |       0 |   0.0
        D:5 |     623 |     346 |  35.7 |      23 |       3 |  11.5
            +---------+---------+-------+---------+---------+-------
